 Dungeon Crawl Stone Soup version 0.17-a0-1954-g0dddeaa (webtiles) character file.

12766 Shim the Cleaver (level 11, -21/97 HPs)
             Began as a Hill Orc Gladiator on Oct 4, 2015.
             Was an Elder of Makhleb.
             Demolished by an Executioner (24 damage)
             ... summoned by the player character
             ... on level 1 of the Orcish Mines.
             The game lasted 01:37:31 (15611 turns).

Shim the Cleaver (Hill Orc Gladiator)              Turns: 15611, Time: 01:37:31

Health: -21/97     AC: 12    Str: 19    XL:     11   Next: 98%
Magic:  20/20      EV: 12    Int:  8    God:    Makhleb [****..]
Gold:   210        SH: 16    Dex: 15    Spells: 0 memorised, 22 levels left

rFire  . . .     SeeInvis .     G - +11 war axe of Doubt {freeze, *Corrode +Inv rPois Dex-3}
rCold  . . .     Clarity  .     v - +0 mottled dragon armour
rNeg   . . .     SustAt   .     U - +1 large shield {AC+3}
rPois  +         Gourm    .     c - +0 helmet
rElec  .         Spirit   .     E - +0 cloak
rCorr  .         Warding  .     (no gloves)
rMut   .         Stasis   .     R - +2 pair of boots of the Assassin {DetectMon Stab+ Stlth++}
MR     .....                    n - amulet of rage
Stlth  ++++......               S - +4 ring of dexterity
                                e - +3 ring of slaying

@: corroded equipment, not resistant to hostile enchantments, stealthy
A: no striking features
a: Minor Destruction, Lesser Servant of Makhleb, Major Destruction, Renounce
Religion, Evoke Berserk Rage, Evoke Invisibility


You were on level 1 of the Orcish Mines.
You worshipped Makhleb.
Makhleb was greatly pleased with you.
You were full.

You visited 2 branches of the dungeon, and saw 12 of its levels.

You collected 788 gold pieces.
You spent 578 gold pieces at shops.

Inventory:

Hand weapons
 y - a +0 war axe
 G - the +11 war axe of Doubt (weapon) {freeze, *Corrode +Inv rPois Dex-3}
   (You found it on level 7 of the Dungeon)

   It has been specially enchanted to freeze those struck by it, causing extra
   injury to most foes and up to half again as much damage against particularly
   susceptible opponents.
   It can also slow down cold-blooded creatures.
   It affects your dexterity (-3).
   It protects you from poison.
   It lets you turn invisible.
   It may corrode your equipment when you take damage.
 K - a +0 war axe
Missiles
 b - 14 tomahawks (quivered)
 T - 3 silver javelins
 X - 2 steel tomahawks
Armour
 c - a +0 helmet (worn)
 v - a +0 mottled dragon armour (worn)
 E - a +0 cloak (worn)
 R - the +2 pair of boots of the Assassin (worn) {DetectMon Stab+ Stlth++}
   (You bought it in a shop on level 8 of the Dungeon)

   It makes you much more stealthy.
 U - a +1 large shield of protection (worn)
Jewellery
 d - an uncursed amulet of the gourmand
 e - a +3 ring of slaying (left hand)
 n - an amulet of rage (around neck)
 M - an uncursed ring of protection from magic
 S - a +4 ring of dexterity (right hand)
 Y - a cursed -4 ring of dexterity
Magical devices
 h - a wand of draining (5)
 q - a wand of polymorph (6)
 x - a wand of digging (6)
 A - a wand of heal wounds (2)
 L - a wand of cold (7)
 O - a wand of cold (5)
 V - a wand of paralysis (11)
 W - a wand of magic darts (18)
Scrolls
 i - 7 scrolls of remove curse
 j - 2 scrolls of fear
 k - 2 scrolls of recharging
 r - 3 scrolls of amnesia
 s - 4 scrolls of teleportation
 w - 2 scrolls of fog
 D - a scroll of vulnerability {unknown}
 I - a scroll of acquirement {unknown}
 J - a scroll of random uselessness {unknown}
 N - 5 scrolls of identify
 Q - 3 scrolls of magic mapping
Potions
 a - a potion of poison {unknown}
 g - a potion of curing
 m - a potion of might {unknown}
 o - a potion of resistance
 p - a potion of agility {unknown}
 u - a potion of cure mutation {unknown}
 z - 2 potions of ambrosia
 B - a potion of lignification
 F - a potion of flight {unknown}
 H - a potion of heal wounds {unknown}
 P - a potion of berserk rage {unknown}
 Z - a potion of cancellation {unknown}
Books
 f - a book of Geomancy

   Spells                             Type                      Level
   a - Sandblast                      Earth                        1
   b - Stoneskin                      Transmutation/Earth          2
   c - Passwall                       Transmutation/Earth          3
   d - Stone Arrow                    Conjuration/Earth            3
   e - Petrify                        Transmutation/Earth          4
   f - Lee's Rapid Deconstruction     Earth                        5
 C - a book of Cantrips

   Spells                             Type                      Level
   a - Corona                         Hexes                        1
   b - Animate Skeleton               Necromancy                   1
   c - Summon Small Mammal            Summoning                    1
   d - Apportation                    Translocation                1
Comestibles
 l - a fruit
 t - 2 beef jerkies


   Skills:
 + Level 9.1 Fighting
 + Level 9.5 Axes
 + Level 5.1 Throwing
 + Level 5.9 Armour
 + Level 7.4 Dodging
 + Level 3.3 Stealth
 * Level 6.4 Shields
 + Level 0.4 Unarmed Combat
 * Level 6.3 Spellcasting
 + Level 5.2 Invocations
 + Level 0.8 Evocations


You had 22 spell levels left.
You didn't know any spells.

Dungeon Overview and Level Annotations

Branches:
Dungeon (10/15)            Temple (0/1) D:5             Orc (2/4) D:10
   Lair: D:8-11

Altars:
Ashenzari
Elyvilon
Fedhas
Kikubaaqudgha
Makhleb
Sif Muna
Xom
Yredelemnul
Beogh

Shops:
D:8 ?:=[   D:10 ?


Message History

The Executioner is smitten.
The Executioner hits you.
* * * LOW HITPOINT WARNING * * *
The Executioner closely misses you. The Executioner hits you.
* * * LOW HITPOINT WARNING * * *
Drink which item? (? for menu, Esc to quit)
You feel better. The Executioner gestures at you.
You struggle to resist.
The Executioner hits you!
* * * LOW HITPOINT WARNING * * *
The Executioner barely misses you. You block the Executioner's attack.
Your smoke demon gestures at the Executioner.
The ball of steam hits the Executioner.
The Executioner resists.
The Executioner gestures at you.
You struggle to resist.
The Executioner gestures at you. Pain shoots through your body!
* * * LOW HITPOINT WARNING * * *
Your smoke demon gestures at the Executioner.
The Executioner is smitten.
The Executioner hits you!!
You die...

.#......#....)..###
##..............#
#............###
##..........## ###
###.......## ..#
####...### ...## .
##........# #....#.
.###.........####.......
.......)......##@...#
......)))....§#1....#
....))..#.).§.o...###
...))####..§3§§.......
..)o....#.).####.####.#
.)..........# ....
..#.........# .....#
..#.........#.......#
#####..........._.....


You could see an orc knight, an Executioner and a friendly smoke demon.

Vanquished Creatures
  Gastronok (D:8)
  The ghost of Rayvis the Frost Mage, an experienced DrIE of Vehumet (D:8)
  An unseen horror (D:10)
  An orc sorcerer (Orc:1)
  A centaur skeleton (D:9)
  A two-headed ogre (D:9)
  3 slime creatures (D:10)
  A wyvern (D:9)
  4 yaks (D:9)
  A hungry ghost (D:7)
  A warg (Orc:1)
  2 water moccasins (D:10)
  An eye of draining (D:9)
  7 ogres
  A wasp (D:9)
  5 orc warriors
  5 phantoms
  2 sky beasts
  3 ice beasts
  2 black bears (D:6)
  A crocodile (D:9)
  4 centaurs
  5 giant frogs
  6 scorpions
  12 killer bees
  4 crimson imps
  3 wights (D:7)
  3 giant frog skeletons
  13 orc wizards
  Crazy Yiuf (D:6)
  3 hounds
  A jelly (D:7)
  5 orc priests
  8 worker ants
  5 iguanas
  A killer bee zombie (D:7)
  A hound zombie (D:6)
  A hound skeleton (D:5)
  A worker ant zombie (D:9)
  13 adders
  2 river rats (D:10)
  3 shadow imps
  3 oozes
  An adder zombie (D:7)
  4 worms
  9 adder skeletons
  5 giant geckos
  50 orcs
  6 bats
  5 giant cockroaches
  9 goblins
  8 hobgoblins
  9 jackals
  7 quokkas
  A ball python (D:4)
  2 giant cockroach zombies
  4 giant newts
  7 kobolds
  A quokka skeleton (D:5)
  4 rats
  A plant (D:10)
276 creatures vanquished.

Vanquished Creatures (collateral kills)
  A centaur warrior (D:10)
  Erica (D:9)
  Nergalle (D:10)
  The ghost of herbi the Thaumaturge, an experienced DEIE of Vehumet (D:10)
  A hill giant (D:10)
  A two-headed ogre (D:10)
  A slime creature (D:10)
  A deep elf mage (D:10)
  A swamp drake (D:10)
  A giant frog (D:10)
  An adder (D:8)
  A shadow imp (D:10)
  A jackal (D:8)
  A plant (D:10)
14 creatures vanquished.

Grand Total: 290 creatures vanquished

Notes
Turn   | Place    | Note
--------------------------------------------------------------
     0 | D:1      | Shim the Hill Orc Gladiator began the quest for the Orb.
     0 | D:1      | Reached XP level 1. HP: 18/18 MP: 1/1
    71 | D:2      | Reached XP level 2. HP: 22/25 MP: 2/2
   963 | D:1      | Reached XP level 3. HP: 30/30 MP: 3/3
  2549 | D:2      | Found a burning altar of Makhleb.
  2564 | D:2      | Became a worshipper of Makhleb the Destroyer
  2653 | D:2      | Reached XP level 4. HP: 37/37 MP: 4/4
  3429 | D:3      | Reached skill level 1 in Armour
  3593 | D:3      | Reached skill level 5 in Axes
  3662 | D:3      | You fall through a shaft for 2 floors!
  3662 | D:5      | Entered Level 5 of the Dungeon
  3678 | D:5      | Reached XP level 5. HP: 36/45 MP: 5/5
  4139 | D:4      | Reached skill level 1 in Spellcasting
  4221 | D:4      | Noticed an ogre
  4317 | D:4      | Killed an ogre
  4317 | D:4      | Reached XP level 6. HP: 26/51 MP: 7/7
  4517 | D:4      | Acquired Makhleb's first power
  4740 | D:4      | Noticed an ogre
  4753 | D:4      | Killed an ogre
  4753 | D:4      | Reached XP level 7. HP: 30/58 MP: 9/9
  5633 | D:5      | Reached skill level 1 in Stealth
  5638 | D:5      | Found a staircase to the Ecumenical Temple.
  6637 | D:6      | Reached XP level 8. HP: 60/67 MP: 11/11
  6808 | D:6      | Noticed Crazy Yiuf
  6826 | D:6      | Killed Crazy Yiuf
  7150 | D:6      | Acquired Makhleb's second power
  7213 | D:6      | Reached skill level 5 in Fighting
  7216 | D:6      | Reached skill level 5 in Dodging
  7802 | D:6      | Found a basalt altar of Yredelemnul.
  7802 | D:6      | Found an ancient bone altar of Kikubaaqudgha.
  7802 | D:6      | Found a shimmering altar of Xom.
  8022 | D:6      | Found a white marble altar of Elyvilon.
  8155 | D:6      | Reached skill level 6 in Fighting
  8155 | D:6      | Reached skill level 1 in Invocations
  8640 | D:7      | Found a deep blue altar of Sif Muna.
  8959 | D:7      | Reached XP level 9. HP: 78/78 MP: 12/14
  9003 | D:7      | Found a shattered altar of Ashenzari.
  9252 | D:7      | Acquired Makhleb's third power
  9798 | D:7      | Reached skill level 7 in Fighting
  9837 | D:7      | Got a steaming war axe
  9838 | D:7      | Identified the +11 war axe of Doubt {freeze, *Corrode +Inv rPois Dex-3} (You found it on level 7 of the Dungeon)
 10574 | D:8      | Found Cuot's Armour Shoppe.
 10582 | D:8      | Bought the +2 pair of boots of the Assassin {DetectMon Stab+ Stlth++} for 271 gold pieces
 10582 | D:8      | Bought a +1 large shield of protection for 165 gold pieces
 10601 | D:8      | Found a shattered altar of Ashenzari.
 10609 | D:8      | Reached skill level 5 in Armour
 10655 | D:8      | Acquired Makhleb's fourth power
 10661 | D:8      | Noticed Rayvis's ghost (experienced DrIE)
 10678 | D:8      | Killed Rayvis's ghost
 10678 | D:8      | Reached skill level 1 in Shields
 11185 | D:8      | Reached XP level 10. HP: 86/86 MP: 16/16
 11221 | D:8      | Found Ipojadi's Book Shoppe.
 11426 | D:8      | Noticed Gastronok
 11438 | D:8      | Killed Gastronok
 11575 | D:8      | Found Joric's Jewellery Shoppe.
 11893 | D:8      | Found Anighip's Magic Scroll Boutique.
 11904 | D:8      | Bought a scroll of identify for 30 gold pieces
 11904 | D:8      | Bought a scroll of identify for 30 gold pieces
 11904 | D:8      | Bought a scroll of identify for 30 gold pieces
 11904 | D:8      | Bought a scroll of magic mapping for 52 gold pieces
 11949 | D:8      | Dungeon 8: MANY SHOPS
 12105 | D:9      | Reached skill level 5 in Spellcasting
 12108 | D:9      | Reached skill level 8 in Fighting
 12303 | D:9      | Noticed Erica
 12353 | D:9      | Killed Erica
 12353 | D:9      | Reached skill level 5 in Shields
 12353 | D:9      | Reached XP level 11. HP: 26/95 MP: 17/19
 13270 | D:9      | Found a blossoming altar of Fedhas.
 13458 | D:9      | Reached skill level 5 in Throwing
 13714 | D:10     | Entered Level 10 of the Dungeon
 13758 | D:10     | Noticed Nergalle
 13766 | D:10     | Noticed a spectral orc warlord
 13776 | D:10     | Killed Nergalle
 14003 | D:10     | Found Vudamp's Magic Scroll Emporium.
 14034 | D:10     | Killed an unseen horror
 14611 | D:10     | Noticed herbi's ghost (experienced DEIE)
 14620 | D:10     | Killed herbi's ghost
 14751 | D:10     | Found a staircase to the Orcish Mines.
 14883 | D:10     | Reached skill level 9 in Axes
 14884 | D:10     | Noticed a centaur warrior
 14893 | D:10     | Killed a centaur warrior
 15190 | D:10     | Noticed a hill giant
 15199 | D:10     | Killed a hill giant
 15351 | Orc:1    | Entered Level 1 of the Orcish Mines
 15418 | Orc:2    | Reached skill level 5 in Invocations
 15556 | Orc:1    | Acquired Makhleb's fifth power
 15579 | Orc:1    | Found a roughly hewn altar of Beogh.
 15584 | Orc:1    | Noticed an orc knight
 15596 | Orc:1    | Noticed an Executioner
 15610 | Orc:1    | HP: 4/97 [Executioner[the player character] (14)]
 15611 | Orc:1    | Demolished by an Executioner

Vault maps used:
D:1:      dpeg_arrival_water_fire
D:2:      makhleb_grotto_becter
D:5:      minmay_temple_entry_grid, first_bread
D:6:      grunt_temple_overflow_cloverleaf, due_unseen_surprise,
          uniq_crazy_yiuf_cottage
D:7:      lemuel_blue_sif_altar, basic_altar
D:8:      ashenzari_conservatory_becter, serial_shops, shop, shop_statue, shop,
          kennysheep_little_box, uniq_gastronok
D:9:      hangedman_tree_tricks, minmay_misc_feat_secret_circle, uniq_erica
D:10:     orc_0_dummy, serial_shops, shop, pond, uniq_nergalle
Orc:1:    special_room, serial_shops, shop, shop, nicolae_orc_rockfall,
          mines1_david
Orc:2:    serial_shops, nicolae_shop_window_shopping

Action                   |  1- 3 |  4- 6 |  7- 9 | 10-12 || total
-------------------------+-------+-------+-------+-------++-------
Melee: War axe           |    84 |   134 |   329 |   238 ||   785
       Unarmed           |       |       |    12 |       ||    12
Throw: Tomahawk          |     8 |    18 |    16 |    55 ||    97
       Throwing net      |       |     5 |       |       ||     5
       Javelin           |       |       |     6 |     3 ||     9
Invok: Minor Destruction |       |       |     7 |     1 ||     8
       Lesser Servant of |       |       |     1 |     8 ||     9
       Major Destruction |       |       |     1 |     9 ||    10
       Greater Servant o |       |       |       |     1 ||     1
 Abil: Evoke Berserk Rag |       |       |     2 |     5 ||     7
       Evoke Invisibilit |       |       |     1 |       ||     1
Evoke: Wand              |       |       |     3 |     1 ||     4
  Use: Scroll            |       |     7 |     4 |     3 ||    14
       Potion            |       |     2 |       |     6 ||     8
 Stab: Sleeping          |       |       |     2 |     4 ||     6
       Distracted        |       |       |     1 |     2 ||     3
  Eat: Bread ration      |     1 |       |     3 |     1 ||     5
       Chunk             |       |     6 |     7 |     6 ||    19
       Pizza             |       |     1 |     2 |       ||     3
       Meat ration       |       |       |     1 |       ||     1
       Beef jerky        |       |       |     1 |       ||     1
       Fruit             |       |       |       |    14 ||    14
